EVO
UNIVERSITY OF ARIZONA WILDCATS @ FRESNO STATE UNIVERSITY BULLDOGS
12/07/2047
 
TOP OF THE 1ST
University of Arizona Wildcats batting - Pitching for Fresno State University Bulldogs : RHP Alfredo Villamar
Pitching: RHP Alfredo Villamar
Batting: LHB Pascal Noël 0-0: Called Strike
0-1: Ball
1-1: Called Strike
1-2: Ball
2-2: Ball
3-2: Fly out, F8 (Flyball, 8RD, EV 88.1 MPH)
Batting: LHB Jere Paatelainen 0-0: Ball
1-0: Called Strike
1-1: Foul Ball, location: 2F
1-2: Ball
2-2: Ball
3-2: DOUBLE (Line Drive, 9LS, EV 96.2 MPH)
Batting: RHB Ron Dondale 0-0: Ball
1-0: Ground out 6-3 (Groundball, P, EV 85.6 MPH)
Jere Paatelainen to third
Batting: RHB Ricardo Fernandez 0-0: Called Strike
0-1: Swinging Strike
0-2: Ground out 4-3 (Groundball, 4, EV 103.1 MPH)
Top of the 1st over - 0 runs, 1 hit, 0 errors, 1 left on base; University of Arizona 0 - Fresno State University 0
BOTTOM OF THE 1ST
Fresno State University Bulldogs batting - Pitching for University of Arizona Wildcats : RHP Rogelio Chavez
Pitching: RHP Rogelio Chavez
Batting: RHB Greg Meyer 0-0: Ball
1-0: Called Strike
1-1: SINGLE (Line Drive, 78S, EV 112.5 MPH)
Batting: LHB Ollie Strauss 0-0: Ball
1-0: Ball
2-0: Ball
3-0: Called Strike
3-1: Base on Balls
Greg Meyer to second
Batting: SHB Carlton Stannard 0-0: Ball
1-0: Ball
2-0: Ball
3-0: Base on Balls
Greg Meyer to third
Ollie Strauss to second
Batting: RHB Sandy Munoz 0-0: Called Strike
0-1: Ball
1-1: Ball
2-1: Fly out, F7 (Line Drive, 7, EV 87.5 MPH)
Batting: LHB Abraham Batista 0-0: Called Strike
0-1: Ball
1-1: Ball
2-1: Ball
3-1: Base on Balls
Greg Meyer scores
Ollie Strauss to third
Carlton Stannard to second
Batting: RHB Danilo Baldia 0-0: Foul Ball, location: 2F
0-1: Ball
1-1: Ball
2-1: Foul Ball, location: 2F
2-2: Strikes out swinging
Batting: LHB Brad Benanti 0-0: Ball
1-0: Swinging Strike
1-1: Ball
2-1: Foul Ball, location: 2F
2-2: Foul Ball, location: 2F
2-2: Ball
3-2: Foul Ball, location: 2F
3-2: Strikes out looking
Bottom of the 1st over - 1 run, 1 hit, 0 errors, 3 left on base; University of Arizona 0 - Fresno State University 1
TOP OF THE 2ND
University of Arizona Wildcats batting - Pitching for Fresno State University Bulldogs : RHP Alfredo Villamar
Batting: RHB Steve Carmichael 0-0: Called Strike
0-1: Ball
1-1: Ball
2-1: Foul Ball, location: 2F
2-2: Foul Ball, location: 2F
2-2: Ball
3-2: Ground out 4-3 (Groundball, 4MD, EV 106.2 MPH)
Batting: RHB Dan Doggett 0-0: Foul Ball, location: 2F
0-1: Ground out 5-3 (Groundball, 5, EV 106.9 MPH)
Batting: LHB Andrew Davis 0-0: Called Strike
0-1: Ball
1-1: Ball
2-1: Ball
3-1: Fly out, F7 (Line Drive, 78M, EV 92.5 MPH)
Top of the 2nd over - 0 runs, 0 hits, 0 errors, 0 left on base; University of Arizona 0 - Fresno State University 1
BOTTOM OF THE 2ND
Fresno State University Bulldogs batting - Pitching for University of Arizona Wildcats : RHP Rogelio Chavez
Batting: LHB Moktar Ame 0-0: Foul Ball, location: 2F
0-1: Hit by Pitch
Batting: RHB Ryan Roberts 0-0: Foul Ball, location: 2F
0-1: Swinging Strike
0-2: Foul Ball, location: 2F
0-2: Strikes out swinging
Batting: RHB Greg Meyer 0-0: Ball
1-0: Called Strike
1-1: Called Strike
1-2: Ball
2-2: 2-RUN HOME RUN (Flyball, 78XD, EV 102.5 MPH), Distance : 398 ft
Batting: LHB Ollie Strauss 0-0: Ball
1-0: Fly out, F8 (Flyball, 78XD, EV 91.9 MPH)
Batting: SHB Carlton Stannard 0-0: Fly out, F8 (Flyball, 8RXD, EV 103.1 MPH)
Bottom of the 2nd over - 2 runs, 1 hit, 0 errors, 0 left on base; University of Arizona 0 - Fresno State University 3
TOP OF THE 3RD
University of Arizona Wildcats batting - Pitching for Fresno State University Bulldogs : RHP Alfredo Villamar
Batting: RHB Manny Corral 0-0: Ball
1-0: SOLO HOME RUN (Flyball, 7D, EV 99.4 MPH), Distance : 374 ft
Batting: RHB Eddy Amaya 0-0: Called Strike
0-1: Ball
1-1: Ball
2-1: Ball
3-1: Called Strike
3-2: SINGLE (Line Drive, 4D, EV 93.8 MPH)
Batting: LHB Pascal Noël 0-0: Reached on error, E3 (Groundball, 3, EV 86.2 MPH)
Eddy Amaya to second
Batting: LHB Jere Paatelainen 0-0: Ball
1-0: Ball
2-0: Ball
3-0: Called Strike
3-1: Base on Balls
Eddy Amaya to third
Pascal Noël to second
Batting: RHB Ron Dondale 0-0: Called Strike
0-1: Swinging Strike
0-2: Ground out 6-3 (Groundball, 6M, EV 105.6 MPH)
Eddy Amaya scores
Pascal Noël to third
Jere Paatelainen to second
Batting: RHB Ricardo Fernandez 0-0: Foul Ball, location: 2F
0-1: SINGLE (Line Drive, 8LS, EV 104.4 MPH)
Pascal Noël scores
Jere Paatelainen to third
Batting: RHB Steve Carmichael 0-0: Reached on error, E3 (Groundball, 13, EV 80.6 MPH)
Jere Paatelainen scores
Ricardo Fernandez to second
Batting: RHB Dan Doggett 0-0: Swinging Strike
0-1: Ball
1-1: Ball
2-1: Ground out 5-3 (Groundball, 56S, EV 68.1 MPH)
Ricardo Fernandez to third
Steve Carmichael to second
Batting: LHB Andrew Davis 0-0: Called Strike
0-1: Called Strike
0-2: Foul Ball, location: 2F
0-2: Foul Ball, location: 2F
0-2: DOUBLE (Line Drive, 78D, EV 109.4 MPH)
Ricardo Fernandez scores
Steve Carmichael scores
Pitching: RHP Brian Travaglio
Batting: RHB Manny Corral 0-0: Foul Ball, location: 2F
0-1: Ball
Wild Pitch!
Andrew Davis to third
1-1: Swinging Strike
1-2: Ball
2-2: Foul Ball, location: 2F
2-2: Ball
3-2: Foul Ball, location: 2F
3-2: SINGLE (Flyball, 8LS, EV 95.6 MPH) - OUT at second base trying to stretch hit.
Andrew Davis scores
Top of the 3rd over - 7 runs, 5 hits, 2 errors, 0 left on base; University of Arizona 7 - Fresno State University 3
BOTTOM OF THE 3RD
Fresno State University Bulldogs batting - Pitching for University of Arizona Wildcats : RHP Rogelio Chavez
Batting: RHB Sandy Munoz 0-0: Ground out 4-3 (Groundball, 4M, EV 106.2 MPH)
Batting: LHB Abraham Batista 0-0: Called Strike
0-1: Called Strike
0-2: Ball
1-2: Ball
2-2: Strikes out swinging
Batting: RHB Danilo Baldia 0-0: Ball
1-0: Swinging Strike
1-1: Ball
2-1: SINGLE (Line Drive, 7LS, EV 88.8 MPH)
Batting: LHB Brad Benanti 0-0: Called Strike
0-1: Ball
1-1: Ball
2-1: Foul Ball, location: 2F
2-2: Strikes out swinging
Bottom of the 3rd over - 0 runs, 1 hit, 0 errors, 1 left on base; University of Arizona 7 - Fresno State University 3
TOP OF THE 4TH
University of Arizona Wildcats batting - Pitching for Fresno State University Bulldogs : RHP Brian Travaglio
Batting: RHB Eddy Amaya 0-0: Ball
1-0: SINGLE (Flyball, 89S, EV 89.4 MPH)
Batting: LHB Pascal Noël 0-0: Fielders Choice at 2nd, 3-6 (Groundball, 3, EV 78.8 MPH)
Batting: LHB Jere Paatelainen 0-0: Ball
1-0: Called Strike
Pascal Noël steals 2nd base
1-1: Fly out, F9 (Flyball, 89M, EV 86.9 MPH)
Batting: RHB Ron Dondale 0-0: Ball
1-0: Fly out, F8 (Flyball, 8LM, EV 93.8 MPH)
Top of the 4th over - 0 runs, 1 hit, 0 errors, 1 left on base; University of Arizona 7 - Fresno State University 3
BOTTOM OF THE 4TH
Fresno State University Bulldogs batting - Pitching for University of Arizona Wildcats : RHP Rogelio Chavez
Batting: LHB Moktar Ame 0-0: Called Strike
0-1: Foul Ball, location: 2F
0-2: SOLO HOME RUN (Flyball, 89XD, EV 100.0 MPH), Distance : 395 ft
Batting: RHB Ryan Roberts 0-0: Called Strike
0-1: Ball
1-1: Fly out, F8 (Line Drive, 8RD, EV 97.5 MPH)
Batting: RHB Greg Meyer 0-0: Ball
1-0: Ball
2-0: Ground out 4-3 (Groundball, 34, EV 102.5 MPH)
Batting: LHB Ollie Strauss 0-0: Fly out, F7 (Flyball, 7S, EV 86.2 MPH)
Bottom of the 4th over - 1 run, 1 hit, 0 errors, 0 left on base; University of Arizona 7 - Fresno State University 4
TOP OF THE 5TH
University of Arizona Wildcats batting - Pitching for Fresno State University Bulldogs : RHP Brian Travaglio
Batting: RHB Ricardo Fernandez 0-0: Ball
1-0: Swinging Strike
1-1: Foul Ball, location: 2F
1-2: Ball
2-2: Foul Ball, location: 2F
2-2: Strikes out swinging
Batting: RHB Steve Carmichael 0-0: Called Strike
0-1: SINGLE (Line Drive, 7S, EV 110.0 MPH)
Batting: RHB Dan Doggett 0-0: Ball
Steve Carmichael steals 2nd base
1-0: Called Strike
1-1: Ball
2-1: Ball
Steve Carmichael steals 3rd base
3-1: Foul Ball, location: 2F
3-2: SINGLE (Line Drive, 89M, EV 89.4 MPH)
Steve Carmichael scores
Batting: LHB Andrew Davis 0-0: Ball
1-0: Called Strike
1-1: Ball
2-1: Called Strike
2-2: Ball
3-2: Fielders Choice at 2nd, 6-4 (Groundball, 6, EV 83.8 MPH)
Pitching: LHP Jason Campbell
Batting: RHB Manny Corral 0-0: Called Strike
0-1: Called Strike
0-2: Strikes out swinging
Top of the 5th over - 1 run, 2 hits, 0 errors, 1 left on base; University of Arizona 8 - Fresno State University 4
BOTTOM OF THE 5TH
Fresno State University Bulldogs batting - Pitching for University of Arizona Wildcats : RHP Rogelio Chavez
Batting: SHB Carlton Stannard 0-0: Called Strike
0-1: Ground out 6-3 (Groundball, 6, EV 97.5 MPH)
Batting: RHB Sandy Munoz 0-0: Ball
1-0: Ball
2-0: Called Strike
2-1: Foul Ball, location: 2F
2-2: Foul Ball, location: 2F
2-2: SINGLE (Groundball, 56D, EV 105.6 MPH)
Batting: LHB Abraham Batista 0-0: Foul Ball, location: 2F
0-1: Ball
1-1: Ball
2-1: Ball
3-1: Foul Ball, location: 2F
3-2: Grounds into double play, 2-4-3 (Groundball, 15S, EV 66.2 MPH)
Bottom of the 5th over - 0 runs, 1 hit, 0 errors, 0 left on base; University of Arizona 8 - Fresno State University 4
TOP OF THE 6TH
University of Arizona Wildcats batting - Pitching for Fresno State University Bulldogs : LHP Jason Campbell
Batting: RHB Eddy Amaya 0-0: Fly out, F8 (Flyball, 8RD, EV 88.1 MPH)
Batting: LHB Pascal Noël 0-0: Foul Ball, location: 2F
0-1: Foul Ball, location: 2F
0-2: Strikes out swinging
Batting: LHB Jere Paatelainen 0-0: Ball
1-0: Ball
2-0: Ball
3-0: Base on Balls
Batting: RHB Ron Dondale 0-0: Called Strike
0-1: Called Strike
Jere Paatelainen is caught stealing 2nd base 2-4
Top of the 6th over - 0 runs, 0 hits, 0 errors, 0 left on base; University of Arizona 8 - Fresno State University 4
BOTTOM OF THE 6TH
Fresno State University Bulldogs batting - Pitching for University of Arizona Wildcats : RHP Rogelio Chavez
Batting: RHB Danilo Baldia 0-0: Called Strike
0-1: Called Strike
0-2: Foul Ball, location: 2F
0-2: Foul Ball, location: 2F
0-2: Ball
1-2: DOUBLE (Flyball, 89XD, EV 107.5 MPH)
Batting: LHB Brad Benanti 0-0: Fly out, F7 (Flyball, 78D, EV 98.8 MPH)
Batting: LHB Moktar Ame 0-0: Foul Ball, location: 2F
0-1: Foul Ball, location: 2F
0-2: Ball
1-2: Foul Ball, location: 2F
1-2: Strikes out swinging
Batting: RHB Ryan Roberts 0-0: Called Strike
0-1: Ball
1-1: Ground out U3 (Groundball, 3, EV 86.2 MPH)
Bottom of the 6th over - 0 runs, 1 hit, 0 errors, 1 left on base; University of Arizona 8 - Fresno State University 4
TOP OF THE 7TH
University of Arizona Wildcats batting - Pitching for Fresno State University Bulldogs : LHP Jason Campbell
Pitching: RHP Marcos Caldera
Batting: RHB Ron Dondale 0-0: Called Strike
0-1: Called Strike
0-2: Ground out 1-3 (Groundball, 15S, EV 64.4 MPH)
Batting: RHB Ricardo Fernandez 0-0: Foul Ball, location: 2F
0-1: Called Strike
0-2: Ball
1-2: Ball
2-2: Foul Ball, location: 2F
2-2: Ball
3-2: Strikes out looking
Batting: RHB Steve Carmichael 0-0: Ball
1-0: Swinging Strike
1-1: Called Strike
1-2: Ball
2-2: SINGLE (Line Drive, 7S, EV 92.5 MPH)
Batting: RHB Dan Doggett 0-0: Called Strike
0-1: Foul Ball, location: 2F
0-2: Ball
1-2: Ball
2-2: Strikes out swinging
Top of the 7th over - 0 runs, 1 hit, 0 errors, 1 left on base; University of Arizona 8 - Fresno State University 4
BOTTOM OF THE 7TH
Fresno State University Bulldogs batting - Pitching for University of Arizona Wildcats : RHP Rogelio Chavez
Batting: RHB Greg Meyer 0-0: Ball
1-0: Ball
2-0: Ball
3-0: Called Strike
3-1: Foul Ball, location: 2F
3-2: Foul Ball, location: 2F
3-2: Base on Balls
Pitching: LHP Armando Guzman
Batting: LHB Ollie Strauss 0-0: Foul Ball, location: 2F
0-1: Foul Ball, location: 2F
0-2: Ball
1-2: Foul Ball, location: 2F
1-2: Strikes out swinging
Batting: SHB Carlton Stannard 0-0: Ball
1-0: Ball
2-0: Grounds into double play, 4-6-3 (Groundball, 4, EV 79.4 MPH)
Bottom of the 7th over - 0 runs, 0 hits, 0 errors, 0 left on base; University of Arizona 8 - Fresno State University 4
TOP OF THE 8TH
University of Arizona Wildcats batting - Pitching for Fresno State University Bulldogs : RHP Marcos Caldera
Pitching: RHP Alex Gutierrez
Batting: LHB Andrew Davis 0-0: Ball
1-0: Foul Ball, location: 2F
1-1: Ball
2-1: Foul Ball, location: 2F
2-2: Ball
3-2: Foul Ball, location: 2F
3-2: DOUBLE (Line Drive, 89D, EV 96.2 MPH)
Batting: RHB Manny Corral 0-0: Intentional Walk
Batting: RHB Eddy Amaya 0-0: Ball
1-0: Called Strike
1-1: Foul Ball, location: 2F
1-2: Foul Ball, location: 2F
1-2: Grounds into double play, 5-4-3 (Groundball, 56S, EV 85.6 MPH)
Andrew Davis to third
Batting: LHB Pascal Noël 0-0: Intentional Walk
Batting: LHB Jere Paatelainen 0-0: Ball
1-0: Swinging Strike
1-1: Called Strike
1-2: Ball
2-2: Fielders Choice at 2nd, U6 (Groundball, 6M, EV 87.5 MPH)
Top of the 8th over - 0 runs, 1 hit, 0 errors, 2 left on base; University of Arizona 8 - Fresno State University 4
BOTTOM OF THE 8TH
Fresno State University Bulldogs batting - Pitching for University of Arizona Wildcats : LHP Armando Guzman
Batting: RHB Sandy Munoz 0-0: Called Strike
0-1: Ball
1-1: Ball
2-1: SOLO HOME RUN (Flyball, 7D, EV 94.4 MPH), Distance : 356 ft
Batting: LHB Abraham Batista 0-0: Called Strike
0-1: Ball
1-1: Foul Ball, location: 2F
1-2: Foul Ball, location: 2F
1-2: Ball
2-2: Ball
3-2: Ground out 6-3 (Groundball, 6, EV 89.4 MPH)
Batting: RHB Danilo Baldia 0-0: Called Strike
0-1: Ball
1-1: Ball
2-1: SINGLE (Groundball, 56D, EV 100.6 MPH)
Batting: LHB Brad Benanti 0-0: Ball
1-0: Ball
2-0: Ball
3-0: Base on Balls
Danilo Baldia to second
Pitching: LHP Lance Freake
Batting: LHB Moktar Ame 0-0: Called Strike
0-1: Hit by Pitch
Danilo Baldia to third
Brad Benanti to second
Pinch Runner at 1st John Chapman:
Batting: RHB Ryan Roberts 0-0: Ball
1-0: Foul Ball, location: 2F
1-1: Fly out, F4 (Popup, 4, EV 57.5 MPH)
Batting: RHB Greg Meyer 0-0: Called Strike
0-1: Ball
1-1: SINGLE (Line Drive, 3D, EV 96.2 MPH)
Danilo Baldia scores
Brad Benanti to third
John Chapman to second
Runner from 3rd tries for Home, SAFE, throw by RF to home
Batting: LHB Ollie Strauss 0-0: SINGLE (Line Drive, 8LS, EV 106.2 MPH)
John Chapman to third
Greg Meyer to second
Runner from 3rd tries for Home, SAFE, throw by CF to home
Batting: SHB Carlton Stannard 0-0: Called Strike
0-1: 3-RUN HOME RUN (Flyball, 7D, EV 95.0 MPH), Distance : 364 ft
Pitching: LHP Matt Waterbury
Batting: RHB Sandy Munoz 0-0: Fly out, F7 (Line Drive, 7LS, EV 95.0 MPH)
Bottom of the 8th over - 7 runs, 5 hits, 0 errors, 0 left on base; University of Arizona 8 - Fresno State University 11
TOP OF THE 9TH
University of Arizona Wildcats batting - Pitching for Fresno State University Bulldogs : RHP Alex Gutierrez
Pitching: RHP Antonio Levario
Now in RF: Sinfronio Carreon
Batting: RHB Ron Dondale 0-0: Ground out 5-3 (Groundball, 5, EV 103.1 MPH)
Batting: RHB Ricardo Fernandez 0-0: Ball
1-0: Ball
2-0: Ball
3-0: Base on Balls
Batting: RHB Steve Carmichael 0-0: Ball
1-0: Called Strike
1-1: Foul Ball, location: 2F
1-2: Ball
Balk!
Ricardo Fernandez to second
2-2: Strikes out swinging
Batting: RHB Dan Doggett 0-0: Foul Ball, location: 2F
0-1: Foul Ball, location: 2F
0-2: Ball
1-2: Strikes out looking
Top of the 9th over - 0 runs, 0 hits, 0 errors, 1 left on base; University of Arizona 8 - Fresno State University 11
Thursday, December 15th , 2022 - OOTP Baseball 23.9 Build 102